 Dungeon Crawl Stone Soup version 0.30-a0-223-gcb0039aa0c (webtiles) character file.

Game seed: 11414839367522885098

10035 qw the Cleaver (level 11, -5/71 HPs)
             Began as a Gargoyle Fighter on Oct 9, 2022.
             Was a High Priest of Okawaru.
             Killed from afar by a steam dragon (22 damage)
             ... with a ball of steam
             ... on level 2 of the Lair of Beasts.
             The game lasted 00:03:14 (8570 turns).

qw the Cleaver (Gargoyle Fighter)                   Turns: 8570, Time: 00:03:14

Health: -5/71      AC: 27    Str: 30    XL:     11   Next: 55%
Magic:  15/15      EV: 11    Int:  7    God:    Okawaru [*****.]
Gold:   427        SH:  6    Dex: 13    Spells: 10/10 levels left

rFire   . . .      SeeInvis .    Y - +0 broad axe
rCold   . . .      Faith    .    c - +0 buckler
rNeg    + . .      Spirit   .    j - +0 plate armour
rPois   inf        Reflect  .    (no helmet)
rElec   +          Harm     .    h - +1 cloak
rCorr   .          Rampage  .    m - +0 pair of gloves
Will    .....                    (no boots)
Stlth   ..........               (no amulet)
HPRegen 0.31/turn                n - +6 ring of strength
MPRegen 0.14/turn                (no ring)

@: about to teleport, heroic
A: sickness immunity, AC +8, negative energy resistance 1, electricity
resistance, torment resistance 1, petrification resistance, agile 1,
deterioration 1, low MP 1
a: Renounce Religion, Heroism, Finesse, Duel


You were on level 2 of the Lair of Beasts.
You worshipped Okawaru.
Okawaru was extremely pleased with you.
You visited 3 branches of the dungeon, and saw 11 of its levels.

You collected 427 gold pieces.


Innate Abilities, Weirdness & Mutations

You are immune to sickness and miasma.
Your stone body is resilient. (AC +8)
You are immune to poison.
You resist negative energy. (rN+)
You are resistant to electric shocks. (rElec)
You are resistant to unholy torment.
You are immune to petrification.
You are agile. (Dex +4, Str/Int -1)
Your body sometimes deteriorates upon taking damage.
Your magical capacity is low. (-10% MP)


   Skills:
 - Level 9.1(14.1) Fighting
 - Level 11.0(16.0) Axes
 - Level 1.0(6.0) Throwing
 + Level 7.5(12.5) Armour
 - Level 3.0(8.0) Dodging
 - Level 5.0(10.0) Shields
 + Level 8.2 Invocations


You had 10 spell levels left.
You didn't know any spells.
Your spell library was empty.

Inventory:

Hand Weapons
 k - a +2 vorpal flail
 Y - a +0 broad axe (weapon)
Missiles
 b - 13 boomerangs (quivered)
Armour
 c - a +0 buckler (worn)
 h - a +1 cloak (worn)
 j - a +0 plate armour (worn)
 m - a +0 pair of gloves (worn)
Jewellery
 a - a ring of fire
 n - a +6 ring of strength (left hand)
Scrolls
 g - 4 scrolls of identify
Potions
 d - a potion of might
 e - a potion of attraction
 f - 7 potions of mutation
 i - 2 potions of magic
 l - a potion of lignification
 o - 2 potions of curing

Dungeon Overview and Level Annotations

Branches:
Dungeon (8/15)             Temple (1/1) D:5            Lair (2/5) D:8
  Swamp: Lair:2-3    Shoals: Lair:2-3     Snake: Lair:2-3    Spider: Lair:2-3

Altars:
Ashenzari
Cheibriados
Dithmenos
Elyvilon
Fedhas
Gozag
Hepliaklqana
Kikubaaqudgha
Makhleb
Nemelex Xobeh
Okawaru
Qazlal
Ru
Sif Muna
Trog
Uskayaw
Wu Jian
Xom
Yredelemnul
Zin
The Shining One

Shops:
D:6 (   D:8 :


Message History

The steam dragon barely misses you.
A steam dragon comes into view.
The steam dragon hisses angrily.
You slash the yak!
The yak is almost dead.
You barely miss the steam dragon. You closely miss the komodo dragon.
You slash the water moccasin! The water moccasin misses you.
The komodo dragon closely misses you.
The steam dragon bites you but does no damage.
The steam dragon barely misses you. The yak gores you but does no damage.
You slice the yak!!
You kill the yak!
Okawaru accepts your kill.
You barely miss the water moccasin. You slash the steam dragon!
You slash the komodo dragon! You block the water moccasin's attack.
The komodo dragon bites you!
The water moccasin bites you but does no damage.
The steam dragon completely misses you. The steam dragon closely misses you.
8568 ||| READING scroll of teleportation.
As you read the scroll of teleportation, it crumbles to dust.
You feel strangely unstable.
The water moccasin bites you but does no damage.
You block the komodo dragon's attack. You block the steam dragon's attack.
The steam dragon claws you but does no damage.
The yak gores you but does no damage.
You closely miss the water moccasin.
The water moccasin is almost dead.
You slash the komodo dragon! You barely miss the yak.
You slash the steam dragon! You block the water moccasin's attack.
The komodo dragon completely misses you.
You slice the water moccasin!!
You kill the water moccasin!
Okawaru accepts your kill.
You slash the komodo dragon! You slice the yak!!
You closely miss the steam dragon. You block the yak's attack.
The steam dragon breathes steam at you. The ball of steam hits you!!
You die...

##...##..........## #~¤
.................##¤¤..
##.....~¤....8.¤..¤~....
#..................¤....
#..................D.(.
#<.#......#............
##..P......##%.DY.k...#
#P.....>....#..YYSYY..#
#P..............@DY...#
##..#......##....l....#
##.........#.........<#
#...........#.........#
#...#.......#.........#
##..#......#...........#
#..........#..........#
#......................
#...................


You could see a komodo dragon, 6 yaks, a rime drake, 3 steam dragons and a water
moccasin.

Vanquished Creatures
  3 black mambas (Lair:1)
  6 rime drakes
  2 cane toads (Lair:1)
  A komodo dragon (Lair:1)
  A troll (D:8)
  A polar bear (Lair:1)
  A hornet (D:8)
  Sigmund (D:6)
  A vampire (D:8)
  14 yaks
  2 basilisks (Lair:1)
  3 steam dragons
  4 water moccasins
  2 sky beasts (D:8)
  An ice beast (D:6)
  2 wolves (D:8)
  A black bear (D:7)
  2 ogres
  4 centaurs
  A kobold brigand (D:7)
  4 bullfrogs
  2 scorpions
  A necrophage (D:7)
  A gnoll sergeant (D:4)
  4 wights (D:7)
  5 killer bees (D:8)
  3 electric eels (D:8)
  7 hounds
  An orc priest (D:5)
  2 jellies
  2 iguanas (D:5)
  A gnoll bouda (D:7)
  13 gnolls
  11 adders
  An ufetubus (D:6)
  A worm (D:5)
  4 dart slugs
  9 orcs
  8 endoplasms
  A giant cockroach (D:1)
  6 goblins
  6 hobgoblins
  12 kobolds
  A quokka (D:3)
  7 ball pythons
  2 bats (D:1)
  3 rats
171 creatures vanquished.

Vanquished Creatures (others)
  A yak (Lair:2)
  A human (D:3)
  6 fungi
  2 plants (Lair:1)
10 creatures vanquished.

Grand Total: 181 creatures vanquished

Notes
Turn   | Place    | Note
-------+----------+-------------------------------------------
     0 | D:1      | qw the Gargoyle Fighter began the quest for the Orb.
     0 | D:1      | Reached XP level 1. HP: 14/14 MP: 1/1
     0 | D:1      | 0 ||| qw: Version: 0.2-a-17-g06abaee
     0 | D:1      | 0 ||| qw: Game counter: 2072
     0 | D:1      | 0 ||| qw: Always use a shield: true
     0 | D:1      | 0 ||| qw: God list: Okawaru
     0 | D:1      | 0 ||| qw: Allow faded altars: false
     0 | D:1      | 0 ||| qw: Do Orc after D:15 true
     0 | D:1      | 0 ||| qw: Do second Lair branch before Depths: true
     0 | D:1      | 0 ||| qw: Lair rune preference: random
     0 | D:1      | 0 ||| qw: Plans: Normal, Zot:1-4, God:TSO, Crypt, Tomb,
                  | Pan, Slime:5, Hells, Abyss, Orb
     0 | D:1      | 0 ||| PLANNING D:1-11
    99 | D:1      | Reached skill level 2 in Axes
   162 | D:1      | Reached XP level 2. HP: 19/19 MP: 2/2
   373 | D:1      | 373 ||| DROPPING +0 club.
   714 | D:1      | Reached skill level 3 in Axes
   908 | D:1      | 908 ||| READING scroll labelled MUXEMN OVAXZU.
   909 | D:1      | 909 ||| DRINKING 5 grey potions.
   909 | D:1      | Gained mutation: You are agile. (Dex +4, Str/Int -1)
                  | [potion of mutation]
   909 | D:1      | Gained mutation: Your body sometimes deteriorates upon
                  | taking damage. [potion of mutation]
   909 | D:1      | Gained mutation: Your magical capacity is low. (-10% MP)
                  | [potion of mutation]
  1018 | D:2      | Reached XP level 3. HP: 9/23 MP: 2/2
  1628 | D:2      | 1628 ||| UPGRADING to +1 cloak.
  1633 | D:2      | 1633 ||| READING scroll labelled FEYSASTYRCH.
  1682 | D:3      | Reached XP level 4. HP: 28/28 MP: 3/3
  1687 | D:3      | You fall into a shaft and drop 3 floors!
  1707 | D:6      | Noticed a scorpion
  1725 | D:6      | Killed a scorpion
  1726 | D:6      | Reached skill level 4 in Axes
  1726 | D:6      | Reached XP level 5. HP: 21/32 MP: 4/4
  1857 | D:6      | Found Vaec's Weapon Emporium.
  1862 | D:6      | Noticed Sigmund
  1863 | D:6      | 1863 ||| Stepping ~*~*~tactically~*~*~ (hiding).
  1875 | D:6      | Killed Sigmund
  1876 | D:6      | Reached skill level 3 in Dodging
  1876 | D:6      | Reached XP level 6. HP: 35/37 MP: 5/5
  1911 | D:6      | 1911 ||| DROPPING ring of wizardry.
  1917 | D:6      | 1917 ||| FLEEEEING.
  1918 | D:6      | 1918 ||| FLEEEEING.
  1919 | D:6      | 1919 ||| STAIRDANCE
  1920 | D:5      | Entered Level 5 of the Dungeon
  1956 | D:5      | Found a staircase to the Ecumenical Temple.
  1957 | D:5      | 1957 ||| PLANNING TEMPLE
  1969 | Temple   | Entered the Ecumenical Temple
  1970 | Temple   | 1970 ||| DROPPING +0 whip.
  1972 | Temple   | 1972 ||| PLANNING OKAWARU WORSHIP
  2003 | Temple   | 2003 ||| UPGRADING to +0 pair of gloves.
  2021 | Temple   | Became a worshipper of Warmaster Okawaru
  2022 | Temple   | 2022 ||| PLANNING D:1-11
  2218 | D:3      | Found an ancient bone altar of Kikubaaqudgha.
  2220 | D:3      | Noticed a human
  2222 | D:3      | 2222 ||| Stepping ~*~*~tactically~*~*~ (stealth).
  2222 | D:3      | Killed a human
  2230 | D:3      | Reached skill level 5 in Axes
  2304 | D:3      | Found a faded altar of an unknown god.
  2554 | D:3      | 2554 ||| UPGRADING to +0 plate armour.
  2564 | D:3      | 2564 ||| DROPPING +0 scale mail.
  2565 | D:3      | 2565 ||| DRINKING 2 metallic white potions.
  2566 | D:3      | 2566 ||| DRINKING 2 fuming pink potions.
  2567 | D:3      | 2567 ||| READING 4 scrolls of identify.
  2567 | D:3      | 2567 ||| IDENTIFYING sedimented inky potion
  2568 | D:3      | 2568 ||| READING 3 scrolls of identify.
  2568 | D:3      | 2568 ||| IDENTIFYING pink potion
  2569 | D:3      | 2569 ||| READING 2 scrolls of identify.
  2569 | D:3      | 2569 ||| IDENTIFYING purple potion
  2570 | D:3      | 2570 ||| DROPPING potion of flight.
  2571 | D:3      | 2571 ||| DROPPING potion of berserk rage.
  2731 | D:4      | 2731 ||| DROPPING +0 flail.
  2795 | D:4      | Reached XP level 7. HP: 42/42 MP: 6/6
  2892 | D:4      | 2892 ||| Stepping ~*~*~tactically~*~*~ (stealth).
  2895 | D:4      | 2895 ||| Stepping ~*~*~tactically~*~*~ (stealth).
  2935 | D:4      | HP: 8/43 [gnoll sergeant/+0 spear (5)]
  2936 | D:4      | 2936 ||| READING scroll of teleportation.
  2937 | D:4      | 2937 ||| DRINKING potion of heal wounds.
  3258 | D:4      | 3258 ||| READING 3 scrolls labelled VOLATO DUDOSHU.
  3259 | D:4      | 3259 ||| READING scroll labelled ANNUEX COIRA.
  3260 | D:4      | 3260 ||| READING scroll labelled RUD FIWUISEH.
  3261 | D:4      | 3261 ||| READING 4 scrolls of identify.
  3261 | D:4      | 3261 ||| IDENTIFYING bubbling dark potion
  3262 | D:4      | 3262 ||| READING 3 scrolls of identify.
  3262 | D:4      | 3262 ||| IDENTIFYING fizzy coppery potion
  3263 | D:4      | 3263 ||| DROPPING 2 scrolls of fog.
  3354 | D:5      | Reached skill level 6 in Axes
  3359 | D:5      | Reached * piety under Okawaru
  3475 | D:5      | Reached skill level 1 in Invocations
  3728 | D:5      | 3728 ||| Stepping ~*~*~tactically~*~*~ (stealth).
  3733 | D:5      | 3733 ||| Stepping ~*~*~tactically~*~*~ (stealth).
  3735 | D:5      | 3735 ||| INVOKING Heroism.
  3801 | D:5      | 3801 ||| INVOKING Heroism.
  3808 | D:5      | Reached XP level 8. HP: 35/48 MP: 5/8
  4186 | D:5      | 4186 ||| READING 3 scrolls of identify.
  4186 | D:5      | 4186 ||| IDENTIFYING viscous coppery potion
  4187 | D:5      | 4187 ||| READING 2 scrolls of identify.
  4187 | D:5      | 4187 ||| IDENTIFYING clear potion
  4188 | D:5      | 4188 ||| DROPPING potion of ambrosia.
  4189 | D:5      | 4189 ||| DROPPING potion of invisibility.
  4251 | D:6      | 4251 ||| INVOKING Heroism.
  4256 | D:6      | Reached skill level 3 in Invocations
  4296 | D:6      | 4296 ||| INVOKING Heroism.
  4299 | D:6      | 4299 ||| Stepping ~*~*~tactically~*~*~ (stealth).
  4300 | D:6      | 4300 ||| Stepping ~*~*~tactically~*~*~ (stealth).
  4449 | D:6      | Reached skill level 7 in Axes
  4774 | D:6      | 4774 ||| DROPPING scarf of invisibility.
  4775 | D:6      | 4775 ||| DROPPING amulet of magic regeneration.
  4780 | D:7      | Found a flagged portal.
  4783 | D:7      | 4783 ||| STAIRDANCE
  4793 | D:6      | 4793 ||| INVOKING Heroism.
  4795 | D:6      | HP: 11/48 [wight/+0 battleaxe (9)]
  4796 | D:6      | 4796 ||| READING scroll of teleportation.
  4957 | D:7      | 4957 ||| Stepping ~*~*~tactically~*~*~ (stealth).
  4958 | D:7      | 4958 ||| Stepping ~*~*~tactically~*~*~ (stealth).
  4961 | D:7      | 4961 ||| Stepping ~*~*~tactically~*~*~ (hiding).
  4963 | D:7      | 4963 ||| Stepping ~*~*~tactically~*~*~ (hiding).
  4967 | D:7      | 4967 ||| INVOKING Heroism.
  4989 | D:7      | 4989 ||| INVOKING Heroism.
  4991 | D:7      | HP: 12/49 [gnoll/+0 flail[a gnoll bouda] (7)]
  5147 | D:7      | 5147 ||| Stepping ~*~*~tactically~*~*~ (stealth).
  5149 | D:7      | 5149 ||| Stepping ~*~*~tactically~*~*~ (hiding).
  5152 | D:7      | 5152 ||| Stepping ~*~*~tactically~*~*~ (hiding).
  5164 | D:7      | 5164 ||| INVOKING Heroism.
  5167 | D:7      | Reached skill level 1 in Throwing
  5171 | D:7      | 5171 ||| Stepping ~*~*~tactically~*~*~ (stealth).
  5373 | D:7      | 5373 ||| INVOKING Heroism.
  5376 | D:7      | Reached skill level 8 in Axes
  5376 | D:7      | Reached XP level 9. HP: 49/54 MP: 8/10
  5378 | D:7      | 5378 ||| Stepping ~*~*~tactically~*~*~ (stealth).
  5379 | D:7      | 5379 ||| Stepping ~*~*~tactically~*~*~ (stealth).
  5452 | D:7      | 5452 ||| Stepping ~*~*~tactically~*~*~ (hiding).
  5458 | D:7      | Reached ** piety under Okawaru
  5765 | D:7      | 5765 ||| UPGRADING to +6 ring of strength.
  5766 | D:7      | 5766 ||| READING scroll labelled ANWOMY KYXUACINA.
  5797 | D:8      | 5797 ||| INVOKING Heroism.
  5811 | D:8      | Reached skill level 6 in Fighting
  5831 | D:8      | Reached skill level 9 in Axes
  5837 | D:8      | 5837 ||| INVOKING Heroism.
  5879 | D:8      | 5879 ||| FLEEEEING.
  5916 | D:8      | Reached *** piety under Okawaru
  6017 | D:8      | Found a snail-covered altar of Cheibriados.
  6044 | D:8      | 6044 ||| INVOKING Heroism.
  6047 | D:8      | Found a staircase to the Lair.
  6057 | D:8      | Reached skill level 6 in Armour
  6064 | D:8      | Reached XP level 10. HP: 60/63 MP: 11/11
  6122 | D:8      | 6122 ||| INVOKING Heroism.
  6246 | D:8      | Reached skill level 10 in Axes
  6255 | D:8      | Found Amish's Book Shop.
  6405 | D:8      | 6405 ||| Stepping ~*~*~tactically~*~*~ (hiding).
  6530 | D:8      | HP: 15/63 [something (4)]
  6531 | D:8      | 6531 ||| DRINKING 3 potions of curing.
  6531 | D:8      | 6531 ||| (to cure confusion)
  6702 | D:8      | 6702 ||| Stepping ~*~*~tactically~*~*~ (stealth).
  6704 | D:8      | 6704 ||| INVOKING Heroism.
  6705 | D:8      | 6705 ||| Stepping ~*~*~tactically~*~*~ (stealth).
  6716 | D:8      | 6716 ||| Stepping ~*~*~tactically~*~*~ (stealth).
  6727 | D:8      | Received a gift from Okawaru
  6863 | D:8      | 6863 ||| SWAPPING to +0 broad axe.
  6864 | D:8      | 6864 ||| DROPPING +1 war axe.
  7103 | D:8      | 7103 ||| PLANNING LAIR
  7103 | D:8      | 7103 ||| READING scroll labelled PAPPIZO TURPH.
  7117 | Lair:1   | Entered Level 1 of the Lair of Beasts
  7117 | Lair:1   | Noticed a cane toad
  7118 | Lair:1   | 7118 ||| INVOKING Heroism.
  7121 | Lair:1   | Killed a cane toad
  7155 | Lair:1   | Reached **** piety under Okawaru
  7161 | Lair:1   | Noticed a black mamba
  7162 | Lair:1   | 7162 ||| INVOKING Heroism.
  7178 | Lair:1   | Killed a black mamba
  7301 | Lair:1   | 7301 ||| INVOKING Heroism.
  7327 | Lair:1   | Noticed a cane toad
  7330 | Lair:1   | 7330 ||| INVOKING Heroism.
  7336 | Lair:1   | Killed a cane toad
  7336 | Lair:1   | Received a gift from Okawaru
  7341 | Lair:1   | HP: 14/64 [komodo dragon (16)]
  7342 | Lair:1   | 7342 ||| READING scroll of teleportation.
  7345 | Lair:1   | HP: 3/64 [komodo dragon (4)]
  7596 | Lair:1   | Noticed a black mamba
  7597 | Lair:1   | 7597 ||| INVOKING Heroism.
  7604 | Lair:1   | Killed a black mamba
  7605 | Lair:1   | Reached skill level 6 in Invocations
  7605 | Lair:1   | Reached XP level 11. HP: 64/68 MP: 11/13
  7826 | Lair:1   | 7826 ||| Stepping ~*~*~tactically~*~*~ (hiding).
  7827 | Lair:1   | 7827 ||| Stepping ~*~*~tactically~*~*~ (hiding).
  7828 | Lair:1   | 7828 ||| Stepping ~*~*~tactically~*~*~ (hiding).
  7830 | Lair:1   | 7830 ||| Stepping ~*~*~tactically~*~*~ (hiding).
  7836 | Lair:1   | 7836 ||| INVOKING Heroism.
  8295 | Lair:1   | 8295 ||| READING scroll labelled KIOSEC BETZ.
  8315 | Lair:2   | 8315 ||| INVOKING Heroism.
  8316 | Lair:2   | 8316 ||| Stepping randomly (cloudy).
  8319 | Lair:2   | 8319 ||| Stepping randomly (cloudy).
  8320 | Lair:2   | 8320 ||| STAIRDANCE
  8332 | Lair:2   | 8332 ||| STAIRDANCE
  8337 | Lair:1   | Reached skill level 11 in Axes
  8337 | Lair:1   | 8337 ||| Stepping ~*~*~tactically~*~*~ (cloud).
  8377 | Lair:2   | 8377 ||| STAIRDANCE
  8382 | Lair:1   | 8382 ||| INVOKING Heroism.
  8452 | Lair:2   | 8452 ||| STAIRDANCE
  8454 | Lair:1   | 8454 ||| INVOKING Heroism.
  8458 | Lair:1   | Reached ***** piety under Okawaru
  8543 | Lair:2   | 8543 ||| Stepping ~*~*~tactically~*~*~ (hiding).
  8546 | Lair:2   | 8546 ||| INVOKING Heroism.
  8550 | Lair:2   | Reached skill level 9 in Fighting
  8552 | Lair:2   | 8552 ||| Stepping randomly (cloudy).
  8567 | Lair:2   | HP: 16/71 [komodo dragon (10)]
  8568 | Lair:2   | 8568 ||| READING scroll of teleportation.
  8570 | Lair:2   | Killed from afar by a steam dragon

Levels and vault maps discovered:
D:1:      kennysheep_arrival_seaside, layout_basic
D:2:      layout_loops_ring
D:3:      layout_rooms, tgw_kikubaaqudgha,
          dreamdust_ecumenical_altar_angels_and_demons
D:4:      layout_rooms, kennysheep_nub
D:5:      layout_basic, minmay_temple_entry_offerings, serial_bayou_lagoon_b
D:6:      layout_basic, serial_shops, nicolae_shop_advertising_works
          [nicolae_subvault_shop_adworks], uniq_sigmund
D:7:      layout_loops_ring, enter_bailey_6, chequers_serial_rivers_micro_d
D:8:      layout_cave_pods, mainiacjoe_overflow_alcove_2, erik_lair_island,
          serial_shops, shop
Temple:   hellmonk_temple_of_storms
Lair:1:   layout_chaotic_city, nicolae_volcano_entry_s_turn,
          dreamdust_mushroom_princess, serial_bayou_crossing, lemuel_fruit_tree,
          uniq_prince_ribbit2
Lair:2:   nzn_winding_woodlands_large [nzn_winding_woodlands_5x5_three,
          nzn_winding_woodlands_5x15_crooked,
          nzn_winding_woodlands_5x5_checkerboard,
          nzn_winding_woodlands_center_diamonds,
          nzn_winding_woodlands_15x15_killbox,
          nzn_winding_woodlands_center_lodge,
          nzn_winding_woodlands_5x5_closed_star,
          nzn_winding_woodlands_5x15_longhouse,
          nzn_winding_woodlands_5x5_perimeter], layout_long_grid,
          spider_nest_entry_a, nicolae_quartered_pool_impasse,
          bobbens_dragon_lair_wall, uniq_sonja

Skill      XL: |  1  2  3  4  5  6  7  8  9 10 11 |
---------------+----------------------------------+-----
Axes           | 2 3 4 5 6 8 9 10 11 | 11.0
Dodging        | 3 |  3.0
Fighting       | 4 5 7 8 9 |  9.1
Invocations    | 2 4 6 8 |  8.2
Armour         | 4 6 7 |  7.5
Throwing       | 1 |  1.0
Shields        | 4 5 |  5.0

Action                   |  1- 3 |  4- 6 |  7- 9 | 10-12 || total
-------------------------+-------+-------+-------+-------++-------
Melee: War axe           |   106 |    77 |   339 |    71 ||   593
       Broad axe         |       |       |       |   117 ||   117
Throw: Boomerang         |       |       |    40 |    17 ||    57
Invok: Heroism           |       |       |    12 |    12 ||    24
  Use: Scroll            |     2 |     3 |    10 |     4 ||    19
       Potion            |     1 |     2 |     1 |     1 ||     5
Armor: Scale mail        |    53 |    20 |       |       ||    73
       Plate armour      |       |    22 |   244 |   145 ||   411
Dodge: Dodged            |    44 |    24 |   139 |    88 ||   295
Block: Buckler           |    21 |    13 |   103 |    53 ||   190

Table legend:
 A = Non-vault XP
 B = Vault XP
 C = Vault XP percentage of total XP
 D = Non-vault monster count
 E = Vault monster count
 F = Vault count percentage of total count
                 A         B        C        D         E       F
            +---------+---------+-------+---------+---------+-------
      Total |   11018 |    3464 |  23.9 |     154 |      18 |  10.5
            +---------+---------+-------+---------+---------+-------
        D:1 |      30 |       0 |   0.0 |      16 |       0 |   0.0
        D:2 |      50 |       0 |   0.0 |      13 |       0 |   0.0
        D:3 |     144 |       0 |   0.0 |       9 |       0 |   0.0
        D:4 |     262 |       0 |   0.0 |      23 |       0 |   0.0
        D:5 |     429 |       0 |   0.0 |      15 |       0 |   0.0
        D:6 |     559 |     226 |  28.8 |       8 |       1 |  11.1
        D:7 |    1050 |       0 |   0.0 |      24 |       0 |   0.0
        D:8 |    3608 |     808 |  18.3 |      27 |       9 |  25.0
     Lair:1 |    4029 |    1134 |  22.0 |      14 |       4 |  22.2
     Lair:2 |     857 |    1296 |  60.2 |       5 |       4 |  44.4
            +---------+---------+-------+---------+---------+-------
